AoeStats
← Bugsibär

Arabia

504724476Analyzed
1v1 RM · 26d ago on Sep 6, 2026· 24m 20s· 2 players
Game mode
Random Map
Map size
Tiny (2 player)
Population
200
Speed
Normal
Resources
Standard
Victory
Conquest
Starting age
Dark Age
Ending age
Imperial Age
RankedLock teamsTeams togetherTeam positionsShared explorationLock speedFull tech treeHidden civsTurbo modeCheats
Victory
Defeat
🇩🇪 Wei · Germany
1775
+14
🇪🇸 Tatars · Spain
1731
-14
jaumecr25
6:34 Loom
9:34 Feudal Age
9:46 Man-at-Arms
10:38 Double-Bit Axe
15:20 Fletching
20:32 Forging
24:52 Castle Age
23:56 Scale Mail Armor
Bugsibär
6:31 Loom
8:48 Feudal Age
9:40 Double-Bit Axe
13:38 Horse Collar
18:53 Gold Mining
21:15 Castle Age
19:43 Fletching
20:13 Padded Archer Armor
20:43 Bloodlines
21:53 Bodkin Arrow
24:20 Bow Saw
Connection lost

Rejoining the realm…

Still unreachable

The connection could not be restored.

Session expired

The server has moved on; the page needs a fresh start.